AAA WEST
ALBUQUERQUE ISOTOPES @ SUGAR LAND SKEETERS
05/03/2042
 
TOP OF THE 1ST
Albuquerque Isotopes batting - Pitching for Sugar Land Skeeters : RHP Brad Butler
Pitching: RHP Brad Butler
Batting: RHB Dave Johnson 0-0: Ball
1-0: SINGLE (Line Drive, 78M, EV 99.4 MPH)
Batting: RHB Ken Keith 0-0: Ball
1-0: Ball
2-0: Fly out, F9 (Flyball, 9S, EV 90.0 MPH)
Batting: LHB Alex Battle 0-0: Ball
1-0: Ball
Dave Johnson is caught stealing 2nd base 2-6
2-0: Foul Ball, location: 2F
2-1: SINGLE (Groundball, 3D, EV 108.8 MPH)
Batting: LHB José De Los Santos 0-0: Called Strike
0-1: Ball
1-1: Ball
2-1: 2-RUN HOME RUN (Flyball, 78XD, EV 97.5 MPH), Distance : 374 ft
Batting: RHB Juan Ortíz 0-0: Ground out 6-3 (Groundball, 6, EV 80.6 MPH)
Top of the 1st over - 2 runs, 3 hits, 0 errors, 0 left on base; Albuquerque 2 - Sugar Land 0
BOTTOM OF THE 1ST
Sugar Land Skeeters batting - Pitching for Albuquerque Isotopes : RHP Doug Hickman
Pitching: RHP Doug Hickman
Batting: RHB Baden Jiang 0-0: Called Strike
0-1: Ball
1-1: Hit by Pitch
Batting: LHB Tony Cardoza 0-0: Foul Ball, location: 9LSF
0-1: Foul Ball, location: 25F
0-2: Grounds into double play, 6-4-3 (Groundball, 6, EV 101.9 MPH)
Batting: LHB Jeremy Edwards 0-0: Called Strike
0-1: Ball
1-1: Ball
2-1: Called Strike
2-2: Strikes out swinging
Bottom of the 1st over - 0 runs, 0 hits, 0 errors, 0 left on base; Albuquerque 2 - Sugar Land 0
TOP OF THE 2ND
Albuquerque Isotopes batting - Pitching for Sugar Land Skeeters : RHP Brad Butler
Batting: RHB Jim Kennedy 0-0: Foul Ball, location: 2F
0-1: Ball
1-1: Ball
2-1: Ball
3-1: Called Strike
3-2: Strikes out swinging
Batting: RHB Arturo Delgado 0-0: Ball
1-0: Called Strike
1-1: SINGLE (Flyball, 89S, EV 86.3 MPH) - OUT at second base trying to stretch hit.
Batting: SHB Cliff Miller 0-0: Called Strike
0-1: Ground out 6-3 (Groundball, 6, EV 78.1 MPH)
Top of the 2nd over - 0 runs, 1 hit, 0 errors, 0 left on base; Albuquerque 2 - Sugar Land 0
BOTTOM OF THE 2ND
Sugar Land Skeeters batting - Pitching for Albuquerque Isotopes : RHP Doug Hickman
Batting: SHB Brendan Jeffries 0-0: Swinging Strike
0-1: Foul Ball, location: 5DF
0-2: Ball
1-2: Foul Ball, location: 25F
1-2: Foul Ball, location: 3FF
1-2: Ball
2-2: Strikes out swinging
Batting: LHB Jorge Garza 0-0: Ball
1-0: Called Strike
1-1: Ground out U3 (Groundball, 34, EV 101.3 MPH)
Batting: SHB Tomás Martínez 0-0: Ball
1-0: Called Strike
1-1: SINGLE (Line Drive, 9S, EV 90.0 MPH)
Batting: RHB Américo Tacanho 0-0: Foul Ball, location: 2F
0-1: Foul Ball, location: 5FF
0-2: Strikes out swinging
Bottom of the 2nd over - 0 runs, 1 hit, 0 errors, 1 left on base; Albuquerque 2 - Sugar Land 0
TOP OF THE 3RD
Albuquerque Isotopes batting - Pitching for Sugar Land Skeeters : RHP Brad Butler
Batting: RHB Adrián Pacheco 0-0: Ball
1-0: Ball
2-0: Called Strike
2-1: Called Strike
2-2: Foul Ball, location: 5F
2-2: Strikes out swinging
Batting: RHB Dave Johnson 0-0: Called Strike
0-1: Ball
1-1: Foul Ball, location: 2F
1-2: Ball
2-2: Foul Ball, location: 2F
2-2: Strikes out swinging
Batting: RHB Ken Keith 0-0: SINGLE (Groundball, 5D, EV 101.9 MPH) (infield hit)
Batting: LHB Alex Battle 0-0: Foul Ball, location: 7LSF
0-1: Ball
1-1: Fly out, F8 (Line Drive, 78M, EV 106.9 MPH)
Top of the 3rd over - 0 runs, 1 hit, 0 errors, 1 left on base; Albuquerque 2 - Sugar Land 0
BOTTOM OF THE 3RD
Sugar Land Skeeters batting - Pitching for Albuquerque Isotopes : RHP Doug Hickman
Batting: LHB Jeff Poole 0-0: Swinging Strike
0-1: Foul Ball, location: 2F
0-2: Ball
1-2: SINGLE (Line Drive, 6MD, EV 96.3 MPH)
Batting: RHB Alfredo Araújo 0-0: Bunt missed!
0-1: Called Strike
Jeff Poole steals 2nd base
0-2: Ball
1-2: Ball
2-2: Ground out 6-3 (Groundball, P, EV 86.9 MPH)
Jeff Poole to third
Batting: RHB Baden Jiang 0-0: Swinging Strike
0-1: Fly out, F8 (Flyball, 8LXD, EV 108.1 MPH)
Runner from 3rd tags up, SCORES, no throw by CF
Batting: LHB Tony Cardoza 0-0: Ball
1-0: Called Strike
1-1: Ball
2-1: Called Strike
2-2: Ground out 4-3 (Groundball, 34D, EV 105.0 MPH)
Bottom of the 3rd over - 1 run, 1 hit, 0 errors, 0 left on base; Albuquerque 2 - Sugar Land 1
TOP OF THE 4TH
Albuquerque Isotopes batting - Pitching for Sugar Land Skeeters : RHP Brad Butler
Batting: LHB José De Los Santos 0-0: Foul Ball, location: 2F
0-1: Fly out, F8 (Flyball, 8LD, EV 103.8 MPH)
Batting: RHB Juan Ortíz 0-0: Swinging Strike
0-1: Fly out, F9 (Flyball, 9, EV 93.1 MPH)
Batting: RHB Jim Kennedy 0-0: Called Strike
0-1: Ball
1-1: Fly out, F7 (Flyball, 7S, EV 96.3 MPH)
Top of the 4th over - 0 runs, 0 hits, 0 errors, 0 left on base; Albuquerque 2 - Sugar Land 1
BOTTOM OF THE 4TH
Sugar Land Skeeters batting - Pitching for Albuquerque Isotopes : RHP Doug Hickman
Batting: LHB Jeremy Edwards 0-0: Ground out 6-3 (Groundball, 6, EV 103.8 MPH)
Batting: SHB Brendan Jeffries 0-0: Foul Ball, location: 7LMF
0-1: Ball
1-1: Foul Ball, location: 2F
1-2: Strikes out looking
Batting: LHB Jorge Garza 0-0: Called Strike
0-1: Ground out U3 (Groundball, 3L, EV 100.0 MPH)
Bottom of the 4th over - 0 runs, 0 hits, 0 errors, 0 left on base; Albuquerque 2 - Sugar Land 1
TOP OF THE 5TH
Albuquerque Isotopes batting - Pitching for Sugar Land Skeeters : RHP Brad Butler
Batting: RHB Arturo Delgado 0-0: Ball
1-0: Ball
2-0: Ground out 6-3 (Groundball, 6, EV 83.8 MPH)
Batting: SHB Cliff Miller 0-0: Ball
1-0: Foul Ball, location: 2F
1-1: Ball
2-1: Swinging Strike
2-2: Ball
3-2: Base on Balls
Batting: RHB Adrián Pacheco 0-0: Ball
1-0: Ball
2-0: Ball
3-0: Called Strike
3-1: Foul Ball, location: 2F
3-2: Base on Balls
Cliff Miller to second
Batting: RHB Dave Johnson 0-0: Ball
1-0: Called Strike
1-1: Called Strike
1-2: Foul Ball, location: 5DF
1-2: Ball
2-2: Ball
3-2: Foul Ball, location: 23F
3-2: Strikes out swinging
Batting: RHB Ken Keith 0-0: Foul Ball, location: 9LMF
0-1: SINGLE (Flyball, 6MD, EV 87.5 MPH)
Cliff Miller to third
Adrián Pacheco to second
Runner from 3rd tries for Home, throw by CF and OUT! 8-2
Top of the 5th over - 0 runs, 1 hit, 0 errors, 2 left on base; Albuquerque 2 - Sugar Land 1
BOTTOM OF THE 5TH
Sugar Land Skeeters batting - Pitching for Albuquerque Isotopes : RHP Doug Hickman
Batting: SHB Tomás Martínez 0-0: Fly out, F6 (Line Drive, 4M, EV 65.0 MPH)
Batting: RHB Américo Tacanho 0-0: DOUBLE (Line Drive, 7LD, EV 105.0 MPH)
Batting: LHB Jeff Poole 0-0: Ball
1-0: 2-RUN HOME RUN (Flyball, 8RXD, EV 111.3 MPH), Distance : 432 ft
Batting: RHB Alfredo Araújo 0-0: DOUBLE (Flyball, 89D, EV 105.0 MPH)
Batting: RHB Baden Jiang 0-0: Ball
1-0: Ground out 6-3 (Groundball, 6, EV 80.6 MPH)
Pitching: RHP Zander Rowe
Batting: LHB Tony Cardoza 0-0: Ball
1-0: Called Strike
1-1: Called Strike
1-2: Ball
2-2: Foul Ball, location: 25FF
2-2: Foul Ball, location: 2RF
2-2: Ball
3-2: Strikes out swinging
Bottom of the 5th over - 2 runs, 3 hits, 0 errors, 1 left on base; Albuquerque 2 - Sugar Land 3
TOP OF THE 6TH
Albuquerque Isotopes batting - Pitching for Sugar Land Skeeters : RHP Brad Butler
Batting: LHB Alex Battle 0-0: Ball
1-0: Foul Ball, location: 2F
1-1: Swinging Strike
1-2: SINGLE (Line Drive, 89S, EV 109.4 MPH)
Batting: LHB José De Los Santos 0-0: DOUBLE (Flyball, 8LXD, EV 105.6 MPH)
Alex Battle to third
Pinch Hitting: LHB Andy Bean 0-0: Ball
1-0: Fly out, F8 (Flyball, 8RD, EV 93.8 MPH)
Runner from 3rd tags up, SCORES, throw by CF
José De Los Santos to third
Batting: RHB Jim Kennedy 0-0: Swinging Strike
0-1: Ball
1-1: Ball
2-1: DOUBLE (Line Drive, 78D, EV 105.6 MPH)
José De Los Santos scores
Batting: RHB Arturo Delgado 0-0: Called Strike
0-1: Ground out 3-1 (Groundball, 34, EV 91.3 MPH)
Jim Kennedy to third
Batting: SHB Cliff Miller 0-0: Ball
1-0: Ball
2-0: Ball
3-0: Foul Ball, location: 5F
3-1: Foul Ball, location: 25F
3-2: Ground out 4-3 (Groundball, 4, EV 85.6 MPH)
Top of the 6th over - 2 runs, 3 hits, 0 errors, 1 left on base; Albuquerque 4 - Sugar Land 3
BOTTOM OF THE 6TH
Sugar Land Skeeters batting - Pitching for Albuquerque Isotopes : RHP Zander Rowe
Now at SS: Luis Rodríguez
Batting: LHB Jeremy Edwards 0-0: Foul Ball, location: 2F
0-1: Swinging Strike
0-2: Strikes out swinging
Batting: SHB Brendan Jeffries 0-0: Called Strike
0-1: Ball
1-1: Foul Ball, location: 2F
1-2: Ball
2-2: Ball
3-2: Strikes out looking
Batting: LHB Jorge Garza 0-0: Called Strike
0-1: Ground out 5-3 (Groundball, 56, EV 104.4 MPH)
Bottom of the 6th over - 0 runs, 0 hits, 0 errors, 0 left on base; Albuquerque 4 - Sugar Land 3
TOP OF THE 7TH
Albuquerque Isotopes batting - Pitching for Sugar Land Skeeters : RHP Brad Butler
Batting: RHB Adrián Pacheco 0-0: Called Strike
0-1: Ground out 6-3 (Groundball, 6, EV 81.9 MPH)
Batting: RHB Dave Johnson 0-0: Called Strike
0-1: Ball
1-1: Fly out, F7 (Flyball, 7S, EV 95.0 MPH)
Batting: RHB Ken Keith 0-0: Fly out, F8 (Flyball, 78XD, EV 96.3 MPH)
Top of the 7th over - 0 runs, 0 hits, 0 errors, 0 left on base; Albuquerque 4 - Sugar Land 3
BOTTOM OF THE 7TH
Sugar Land Skeeters batting - Pitching for Albuquerque Isotopes : RHP Zander Rowe
Batting: SHB Tomás Martínez 0-0: Ground out U3 (Groundball, 3, EV 99.4 MPH)
Batting: RHB Américo Tacanho 0-0: Ball
1-0: Ball
2-0: Called Strike
2-1: Foul Ball, location: 2F
2-2: Foul Ball, location: 2F
2-2: Ball
3-2: SINGLE (Groundball, 6, EV 91.9 MPH)
Batting: LHB Jeff Poole 0-0: Ball
1-0: Ball
2-0: Ball
3-0: Base on Balls
Américo Tacanho to second
Pitching: RHP Caden Purvis
Pinch Hitting: LHB Phil Rose 0-0: Ball
1-0: Hit by Pitch
Américo Tacanho to third
Jeff Poole to second
Batting: RHB Baden Jiang 0-0: Swinging Strike
0-1: Hit by Pitch
Américo Tacanho scores
Jeff Poole to third
Phil Rose to second
Batting: LHB Tony Cardoza 0-0: Ball
1-0: Fly out, F6 (Popup, 6S, EV 68.1 MPH)
Batting: LHB Jeremy Edwards 0-0: Foul Ball, location: 5SF
0-1: Swinging Strike
0-2: Ball
1-2: Ball
2-2: Strikes out swinging
Bottom of the 7th over - 1 run, 1 hit, 0 errors, 3 left on base; Albuquerque 4 - Sugar Land 4
TOP OF THE 8TH
Albuquerque Isotopes batting - Pitching for Sugar Land Skeeters : RHP Brad Butler
Now at 3B: Bob Flynn
Now at SS: Baden Jiang
Batting: LHB Alex Battle 0-0: Swinging Strike
0-1: Foul Ball, location: 9LSF
0-2: Ball
1-2: Fly out, F8 (Line Drive, 8RS, EV 103.1 MPH)
Batting: LHB José De Los Santos 0-0: Called Strike
0-1: Ball
1-1: Fly out, F7 (Flyball, 7, EV 85.0 MPH)
Batting: LHB Luis Rodríguez 0-0: Ball
1-0: Ground out 6-3 (Groundball, 6MS, EV 88.8 MPH)
Top of the 8th over - 0 runs, 0 hits, 0 errors, 0 left on base; Albuquerque 4 - Sugar Land 4
BOTTOM OF THE 8TH
Sugar Land Skeeters batting - Pitching for Albuquerque Isotopes : RHP Caden Purvis
Batting: SHB Brendan Jeffries 0-0: Foul Ball, location: 25FF
0-1: Ball
1-1: Ball
2-1: Ball
3-1: Swinging Strike
3-2: Foul Ball, location: 5SF
3-2: Base on Balls
Batting: LHB Jorge Garza 0-0: Called Strike
0-1: Ball
1-1: Foul Ball, location: 2F
1-2: Grounds into double play, 6-4-3 (Groundball, 6, EV 84.4 MPH)
Batting: SHB Tomás Martínez 0-0: Ball
1-0: Ball
2-0: Ball
3-0: Base on Balls
Batting: RHB Américo Tacanho 0-0: Foul Ball, location: 5FF
0-1: Foul Ball, location: 2F
0-2: Foul Ball, location: 2F
0-2: Ball
1-2: Strikes out swinging
Bottom of the 8th over - 0 runs, 0 hits, 0 errors, 1 left on base; Albuquerque 4 - Sugar Land 4
TOP OF THE 9TH
Albuquerque Isotopes batting - Pitching for Sugar Land Skeeters : RHP Brad Butler
Pitching: RHP Tsurayuki Uenohara
Batting: RHB Jim Kennedy 0-0: Called Strike
0-1: Swinging Strike
0-2: Ball
1-2: Ball
2-2: Foul Ball, location: 9LSF
2-2: Ball
3-2: SINGLE (Groundball, 6M, EV 108.8 MPH) (infield hit)
Batting: RHB Arturo Delgado 0-0: Foul Ball, location: 3F
0-1: Sac Bunt to 25 - play at first, batter OUT! 5-3
Jim Kennedy to second
Batting: SHB Cliff Miller 0-0: Intentional Walk
Pinch Hitting: LHB Ernesto Ledezma 0-0: Ball
1-0: Ball
2-0: Ball
3-0: Called Strike
3-1: Fly out, F8 (Flyball, 8LXD, EV 107.5 MPH)
Runner from 2nd tags up, SAFE at 3rd, no throw by CF
Batting: RHB Dave Johnson 0-0: Ball
1-0: Ball
2-0: SINGLE (Line Drive, 8RS, EV 90.0 MPH)
Jim Kennedy scores
Cliff Miller to second
Runner from 2nd tries for 3rd, SAFE, throw by CF made to third
Batting: RHB Ken Keith 0-0: Called Strike
0-1: Ball
1-1: Ball
2-1: Swinging Strike
2-2: Ball
3-2: Base on Balls
Dave Johnson to second
Batting: LHB Alex Battle 0-0: Fly out, F7 (Flyball, 7D, EV 101.3 MPH)
Top of the 9th over - 1 run, 2 hits, 0 errors, 3 left on base; Albuquerque 5 - Sugar Land 4
BOTTOM OF THE 9TH
Sugar Land Skeeters batting - Pitching for Albuquerque Isotopes : RHP Caden Purvis
Pitching: RHP Jorge Calderón
Now at C: Sam Phillips
Now at 1B: Jeff Moon
Batting: LHB Jeff Poole 0-0: Ball
1-0: Ball
2-0: Fly out, F9 (Flyball, 9D, EV 97.5 MPH)
Batting: SHB Bob Flynn 0-0: Ball
1-0: Foul Ball, location: 2F
1-1: Called Strike
1-2: SINGLE (Groundball, 34S, EV 68.8 MPH) (infield hit)
Batting: RHB Baden Jiang 0-0: Ball
1-0: Called Strike
1-1: Foul Ball, location: 9LDF
1-2: Ground out 4-3 (Groundball, 34, EV 103.1 MPH)
Bob Flynn to second
Batting: LHB Tony Cardoza 0-0: Called Strike
0-1: Ball
1-1: Swinging Strike
1-2: Ball
2-2: Ground out U3 (Groundball, 3S, EV 69.4 MPH)
Bottom of the 9th over - 0 runs, 1 hit, 0 errors, 1 left on base; Albuquerque 5 - Sugar Land 4
Monday, April 29th , 2024 - OOTP Baseball 24.10 Build 82